BR (22 & UNDER)
CORONADO ECLIPSE @ PUNTA CANA HUTIAS
09/20/2029
 
TOP OF THE 1ST
Coronado Eclipse batting - Pitching for Punta Cana Hutias : RHP Brian Lovelace
Pitching: RHP Brian Lovelace
Batting: RHB Arturo Franco 0-0: Called Strike
0-1: Swinging Strike
0-2: Strikes out swinging
Batting: SHB Luis Sotelo 0-0: Foul Ball, location: 2F
0-1: Ball
1-1: Ball
2-1: Called Strike
2-2: Foul Ball, location: 2F
2-2: Strikes out swinging
Batting: RHB Júlio Serra 0-0: Fly out, F8 (Flyball, 8LM)
Top of the 1st over - 0 runs, 0 hits, 0 errors, 0 left on base; Coronado 0 - Punta Cana 0
BOTTOM OF THE 1ST
Punta Cana Hutias batting - Pitching for Coronado Eclipse : RHP Jacob Pearson
Pitching: RHP Jacob Pearson
Batting: RHB Ricardo Murillo 0-0: Called Strike
0-1: Ball
1-1: Foul Ball, location: 2F
1-2: Ball
2-2: Foul Ball, location: 2F
2-2: Ground out 5-3 (Groundball, 56)
Batting: LHB Luis García 0-0: Called Strike
0-1: Ball
1-1: Ball
2-1: Swinging Strike
2-2: Foul Ball, location: 2F
2-2: Strikes out swinging
Batting: LHB Dave Watkins 0-0: DOUBLE (Line Drive, 89XD)
Batting: LHB Norberto Garza 0-0: Ball
1-0: Foul Ball, location: 2F
1-1: Foul Ball, location: 2F
1-2: Ground out 6-3 (Groundball, 6S)
Bottom of the 1st over - 0 runs, 1 hit, 0 errors, 1 left on base; Coronado 0 - Punta Cana 0
TOP OF THE 2ND
Coronado Eclipse batting - Pitching for Punta Cana Hutias : RHP Brian Lovelace
Batting: RHB Ramón Sánchez 0-0: Ball
1-0: Called Strike
1-1: SINGLE (Groundball, 5D)
Batting: RHB Henry Cahill 0-0: Ball
1-0: Called Strike
1-1: Called Strike
1-2: Foul Ball, location: 2F
1-2: Strikes out swinging
Batting: SHB José Acevedo 0-0: 2-RUN HOME RUN (Flyball, 78XD), Distance : 420 ft
Batting: LHB Todd Emery 0-0: Ball
1-0: Ground out 4-3 (Groundball, 4)
Batting: RHB Ricardo Aguilar 0-0: Called Strike
0-1: Swinging Strike
0-2: Ground out 6-3 (Groundball, 6)
Top of the 2nd over - 2 runs, 2 hits, 0 errors, 0 left on base; Coronado 2 - Punta Cana 0
BOTTOM OF THE 2ND
Punta Cana Hutias batting - Pitching for Coronado Eclipse : RHP Jacob Pearson
Batting: RHB Alfonso Huerta 0-0: Ball
1-0: Ball
2-0: Ball
3-0: Called Strike
3-1: Foul Ball, location: 2F
3-2: Foul Ball, location: 2F
3-2: Foul Ball, location: 2F
3-2: Strikes out looking
Batting: LHB Don MacNeill 0-0: Ground out 5-3 (Groundball, 56)
Batting: RHB Eddie Ríos 0-0: Ball
1-0: Called Strike
1-1: Swinging Strike
1-2: SINGLE (Line Drive, 34D)
Batting: RHB Alfredo Bernard 0-0: Foul Ball, location: 2F
0-1: Foul Ball, location: 2F
0-2: Strikes out looking
Bottom of the 2nd over - 0 runs, 1 hit, 0 errors, 1 left on base; Coronado 2 - Punta Cana 0
TOP OF THE 3RD
Coronado Eclipse batting - Pitching for Punta Cana Hutias : RHP Brian Lovelace
Batting: LHB António Ramírez 0-0: Ball
1-0: Ball
2-0: Foul Ball, location: 2F
2-1: Ball
3-1: Base on Balls
Batting: RHB Arturo Franco 0-0: Called Strike
0-1: Called Strike
0-2: Ball
1-2: Strikes out swinging
Batting: SHB Luis Sotelo 0-0: Ball
1-0: Called Strike
1-1: Foul Ball, location: 2F
1-2: Strikes out swinging
Batting: RHB Júlio Serra 0-0: Ball
António Ramírez is caught stealing 2nd base
Top of the 3rd over - 0 runs, 0 hits, 0 errors, 0 left on base; Coronado 2 - Punta Cana 0
BOTTOM OF THE 3RD
Punta Cana Hutias batting - Pitching for Coronado Eclipse : RHP Jacob Pearson
Batting: LHB Jorge Ramírez 0-0: Ball
1-0: Called Strike
1-1: Foul Ball, location: 2F
1-2: Fly out, F5 (Line Drive, 56)
Batting: RHB Ricardo Murillo 0-0: Foul Ball, location: 2F
0-1: Foul Ball, location: 2F
0-2: Ball
1-2: Foul Ball, location: 2F
1-2: Ball
2-2: Ground out 5-3 (Groundball, 56)
Batting: LHB Luis García 0-0: Foul Ball, location: 2F
0-1: Ball
1-1: Called Strike
1-2: Foul Ball, location: 2F
1-2: Reached via error on a dropped throw, E1
Batting: LHB Dave Watkins 0-0: Swinging Strike
0-1: Ball
1-1: Foul Ball, location: 2F
1-2: Ball
2-2: Foul Ball, location: 2F
2-2: Ball
3-2: Foul Ball, location: 2F
3-2: Strikes out swinging
Bottom of the 3rd over - 0 runs, 0 hits, 1 error, 1 left on base; Coronado 2 - Punta Cana 0
TOP OF THE 4TH
Coronado Eclipse batting - Pitching for Punta Cana Hutias : RHP Brian Lovelace
Batting: RHB Júlio Serra 0-0: Foul Ball, location: 2F
0-1: Ball
1-1: Hit by Pitch
Batting: RHB Ramón Sánchez 0-0: Called Strike
Júlio Serra steals 2nd base
0-1: Ball
1-1: Ball
2-1: Ground out 6-3 (Groundball, 6S)
Júlio Serra to third
Batting: RHB Henry Cahill 0-0: Ball
1-0: Foul Ball, location: 2F
1-1: SINGLE (Flyball, 8RS)
Júlio Serra scores
Batting: SHB José Acevedo 0-0: Swinging Strike
0-1: Ball
1-1: Swinging Strike
1-2: Fly out, F7 (Line Drive, 78S)
Batting: LHB Todd Emery 0-0: Called Strike
0-1: Ball
1-1: Foul Ball, location: 2F
1-2: Strikes out swinging
Top of the 4th over - 1 run, 1 hit, 0 errors, 1 left on base; Coronado 3 - Punta Cana 0
BOTTOM OF THE 4TH
Punta Cana Hutias batting - Pitching for Coronado Eclipse : RHP Jacob Pearson
Batting: LHB Norberto Garza 0-0: Fly out, F7 (Flyball, 7LSF)
Batting: RHB Alfonso Huerta 0-0: Ball
1-0: Swinging Strike
1-1: Ball
2-1: Ball
3-1: SINGLE (Line Drive, 89S)
Batting: LHB Don MacNeill 0-0: 2-RUN HOME RUN (Flyball, 9LD), Distance : 339 ft
Batting: RHB Eddie Ríos 0-0: Ball
1-0: Ground out U3 (Groundball, 3S)
Batting: RHB Alfredo Bernard 0-0: Ball
1-0: Foul Ball, location: 2F
1-1: Ball
2-1: SINGLE (Groundball, 5D)
Batting: LHB Jorge Ramírez 0-0: Called Strike
0-1: Foul Ball, location: 2F
0-2: Strikes out swinging
Bottom of the 4th over - 2 runs, 3 hits, 0 errors, 1 left on base; Coronado 3 - Punta Cana 2
TOP OF THE 5TH
Coronado Eclipse batting - Pitching for Punta Cana Hutias : RHP Brian Lovelace
Batting: RHB Ricardo Aguilar 0-0: Fly out, F8 (Flyball, 8RD)
Batting: LHB António Ramírez 0-0: Swinging Strike
0-1: Ball
1-1: Ground out 3-1 (Groundball, 34S)
Batting: RHB Arturo Franco 0-0: Called Strike
0-1: Foul Ball, location: 2F
0-2: Ball
1-2: Strikes out swinging
Top of the 5th over - 0 runs, 0 hits, 0 errors, 0 left on base; Coronado 3 - Punta Cana 2
BOTTOM OF THE 5TH
Punta Cana Hutias batting - Pitching for Coronado Eclipse : RHP Jacob Pearson
Batting: RHB Ricardo Murillo 0-0: Called Strike
0-1: Ball
1-1: Foul Ball, location: 2F
1-2: Fly out, F8 (Flyball, 8LM)
Batting: LHB Luis García 0-0: Called Strike
0-1: SINGLE (Line Drive, 8LS)
Batting: LHB Dave Watkins 0-0: Ball
1-0: Fielders Choice at 2nd, 3-6 (Groundball, 3)
Batting: LHB Norberto Garza 0-0: Called Strike
Throwing error on steal attempt, E2
Dave Watkins to third
0-1: Ball
1-1: Foul Ball, location: 2F
1-2: Ball
2-2: Strikes out looking
Bottom of the 5th over - 0 runs, 1 hit, 1 error, 1 left on base; Coronado 3 - Punta Cana 2
TOP OF THE 6TH
Coronado Eclipse batting - Pitching for Punta Cana Hutias : RHP Brian Lovelace
Batting: SHB Luis Sotelo 0-0: Bunt for hit - play at first, batter OUT! 1-3
Batting: RHB Júlio Serra 0-0: Ball
1-0: Foul Ball, location: 2F
1-1: Ground out 5-3 (Groundball, 56)
Batting: RHB Ramón Sánchez 0-0: Called Strike
0-1: Ball
1-1: Ground out 4-3 (Groundball, 4)
Top of the 6th over - 0 runs, 0 hits, 0 errors, 0 left on base; Coronado 3 - Punta Cana 2
BOTTOM OF THE 6TH
Punta Cana Hutias batting - Pitching for Coronado Eclipse : RHP Jacob Pearson
Batting: RHB Alfonso Huerta 0-0: Ball
1-0: Ball
2-0: Called Strike
2-1: Foul Ball, location: 2F
2-2: Foul Ball, location: 2F
2-2: SINGLE (Line Drive, 9S)
Pitching: RHP Robbie Martin
Batting: LHB Don MacNeill 0-0: Ball
1-0: Fly out, F6 (Popup, 6)
Batting: RHB Eddie Ríos Pickoff Throw to First - Error! E1
Alfonso Huerta to second
0-0: Called Strike
0-1: Ball
1-1: Called Strike
1-2: Strikes out swinging
Batting: RHB Alfredo Bernard 0-0: Ball
1-0: Ball
2-0: Foul Ball, location: 2F
2-1: Swinging Strike
2-2: Strikes out swinging
Bottom of the 6th over - 0 runs, 1 hit, 1 error, 1 left on base; Coronado 3 - Punta Cana 2
TOP OF THE 7TH
Coronado Eclipse batting - Pitching for Punta Cana Hutias : RHP Brian Lovelace
Batting: RHB Henry Cahill 0-0: Foul Ball, location: 2F
0-1: Foul Ball, location: 2F
0-2: Foul Ball, location: 2F
0-2: Ball
1-2: Ball
2-2: Fly out, F9 (Flyball, 9S)
Batting: SHB José Acevedo 0-0: Called Strike
0-1: Ball
1-1: Fly out, F9 (Flyball, 89XD)
Pitching: RHP Ed Castillo
Batting: LHB Todd Emery 0-0: Called Strike
0-1: Ball
1-1: Ball
2-1: Called Strike
2-2: Foul Ball, location: 2F
2-2: Foul Ball, location: 2F
2-2: SINGLE (Groundball, 56D)
Batting: RHB Ricardo Aguilar 0-0: Fly out, F9 (Flyball, 9)
Top of the 7th over - 0 runs, 1 hit, 0 errors, 1 left on base; Coronado 3 - Punta Cana 2
BOTTOM OF THE 7TH
Punta Cana Hutias batting - Pitching for Coronado Eclipse : RHP Robbie Martin
Pitching: LHP Ryan García
Batting: LHB Jorge Ramírez 0-0: Swinging Strike
0-1: Ball
1-1: Ball
2-1: Called Strike
2-2: Foul Ball, location: 2F
2-2: Strikes out swinging
Pitching: RHP José Ruíz
Batting: RHB Ricardo Murillo 0-0: Swinging Strike
0-1: Swinging Strike
0-2: Ball
1-2: Foul Ball, location: 2F
1-2: Foul Ball, location: 2F
1-2: Ball
2-2: Ball
3-2: Strikes out swinging
Batting: LHB Luis García 0-0: Swinging Strike
0-1: Ball
1-1: Swinging Strike
1-2: Foul Ball, location: 2F
1-2: Ball
2-2: Foul Ball, location: 2F
2-2: Ball
3-2: Fly out, F9 (Flyball, 9)
Bottom of the 7th over - 0 runs, 0 hits, 0 errors, 0 left on base; Coronado 3 - Punta Cana 2
TOP OF THE 8TH
Coronado Eclipse batting - Pitching for Punta Cana Hutias : RHP Ed Castillo
Batting: LHB António Ramírez 0-0: Ball
1-0: Called Strike
1-1: Foul Ball, location: 2F
1-2: Ball
2-2: Strikes out swinging
Batting: RHB Arturo Franco 0-0: Called Strike
0-1: SINGLE (Groundball, 34) (infield hit)
Batting: SHB Luis Sotelo 0-0: Ball
Arturo Franco is caught stealing 2nd base
1-0: Foul Ball, location: 2F
1-1: SINGLE (Groundball, 6MD)
Batting: RHB Júlio Serra 0-0: Ball
1-0: Ball
2-0: Called Strike
2-1: Swinging Strike
2-2: Fielders Choice at 2nd, 6-4 (Groundball, 6)
Top of the 8th over - 0 runs, 2 hits, 0 errors, 1 left on base; Coronado 3 - Punta Cana 2
BOTTOM OF THE 8TH
Punta Cana Hutias batting - Pitching for Coronado Eclipse : RHP José Ruíz
Batting: LHB Dave Watkins 0-0: Ball
1-0: Ball
2-0: Called Strike
2-1: Ball
3-1: Foul Ball, location: 2F
3-2: Base on Balls
Pitching: LHP Luis Rincón
Pinch Hitting: RHB José Matos 0-0: Ball
1-0: Foul Ball, location: 2F
1-1: Ball
2-1: Foul Ball, location: 2F
2-2: Ball
3-2: Foul Ball, location: 2F
3-2: Foul Ball, location: 2F
3-2: Base on Balls
Dave Watkins to second
Batting: RHB Alfonso Huerta 0-0: Ball
1-0: Ball
2-0: Fielders Choice at 2nd, 3-6 (Groundball, 3)
Dave Watkins to third
Pinch Hitting: RHB Mike Martínez 0-0: Fly out, F9 (Flyball, 9S)
Runner from 3rd tags up, OUT at HOME
Bottom of the 8th over - 0 runs, 0 hits, 0 errors, 1 left on base; Coronado 3 - Punta Cana 2
TOP OF THE 9TH
Coronado Eclipse batting - Pitching for Punta Cana Hutias : RHP Ed Castillo
Now at 1B: José Matos
Now in RF: Mike Martínez
Batting: RHB Ramón Sánchez 0-0: Foul Ball, location: 2F
0-1: Ball
1-1: Ball
2-1: SINGLE (Line Drive, 56)
Pinch Runner at 1st Jorge Aguilar:
Batting: RHB Henry Cahill 0-0: Ball
1-0: Called Strike
Jorge Aguilar steals 2nd base
1-1: Ball
2-1: Ground out 5-3 (Groundball, 5)
Batting: SHB José Acevedo 0-0: Intentional Walk
Pinch Hitting: LHB Robby Bland 0-0: Ball
1-0: Swinging Strike
1-1: Grounds into double play, 3-6-3 (Groundball, 3)
Top of the 9th over - 0 runs, 1 hit, 0 errors, 1 left on base; Coronado 3 - Punta Cana 2
BOTTOM OF THE 9TH
Punta Cana Hutias batting - Pitching for Coronado Eclipse : LHP Luis Rincón
Pitching: RHP Juan Ríos
Now in LF: Ramón Espinoza
Now in CF: Jorge Aguilar
Pinch Hitting: LHB Tony Ríos 0-0: Ball
1-0: Called Strike
1-1: Ball
2-1: Ball
3-1: Ground out 4-3 (Groundball, 4)
Pinch Hitting: LHB Matt McCormick 0-0: Called Strike
0-1: Ground out 4-3 (Groundball, 34S)
Pinch Hitting: LHB Manuel Cavazos 0-0: Called Strike
0-1: Ball
1-1: SOLO HOME RUN (Flyball, 9LD), Distance : 355 ft
Batting: RHB Ricardo Murillo 0-0: Foul Ball, location: 2F
0-1: Ball
1-1: Ground out 5-3 (Groundball, 56)
Bottom of the 9th over - 1 run, 1 hit, 0 errors, 0 left on base; Coronado 3 - Punta Cana 3
TOP OF THE 10TH
Coronado Eclipse batting - Pitching for Punta Cana Hutias : RHP Ed Castillo
Pitching: RHP Andrew Shannon
Now at 2B: Argaw Omitra
Now at SS: Luis Chávez
Now in CF: Tony Ríos
Batting: RHB Ricardo Aguilar 0-0: Ground out 5-3 (Groundball, 56)
Pinch Hitting: LHB Benny Lawson 0-0: Ball
1-0: Ball
2-0: Ball
3-0: Swinging Strike
3-1: Base on Balls
Batting: RHB Arturo Franco 0-0: Fly out, F7 (Flyball, 7)
Batting: SHB Luis Sotelo 0-0: Ball
1-0: Ball
2-0: Ball
3-0: Base on Balls
Benny Lawson to second
Pinch Runner at 2nd Walt Green:
Batting: RHB Júlio Serra 0-0: Ball
1-0: Foul Ball, location: 2F
1-1: Ball
2-1: Foul Ball, location: 2F
2-2: Ball
3-2: Strikes out swinging
Top of the 10th over - 0 runs, 0 hits, 0 errors, 2 left on base; Coronado 3 - Punta Cana 3
BOTTOM OF THE 10TH
Punta Cana Hutias batting - Pitching for Coronado Eclipse : RHP Juan Ríos
Now at 2B: António Gutiérrez
Batting: LHB Luis García 0-0: Fly out, F7 (Flyball, 7LS)
Batting: LHB Dave Watkins 0-0: Ball
1-0: Ball
2-0: Fly out, F7 (Flyball, 7LD)
Batting: RHB José Matos 0-0: Foul Ball, location: 2F
0-1: Swinging Strike
0-2: Ball
1-2: Strikes out looking
Bottom of the 10th over - 0 runs, 0 hits, 0 errors, 0 left on base; Coronado 3 - Punta Cana 3
TOP OF THE 11TH
Coronado Eclipse batting - Pitching for Punta Cana Hutias : RHP Andrew Shannon
Pinch Hitting: RHB Fred Wagner 0-0: Ball
1-0: SINGLE (Flyball, 8LS)
Batting: RHB Henry Cahill 0-0: Called Strike
0-1: Ball
1-1: Foul Ball, location: 2F
1-2: Fly out, F8 (Flyball, 8RM)
Batting: SHB José Acevedo 0-0: Called Strike
0-1: Ball
1-1: Swinging Strike
1-2: Foul Ball, location: 2F
1-2: Foul Ball, location: 2F
1-2: Ball
2-2: Ball
3-2: Fly out, F5 (Line Drive, 5)
Batting: RHB Ramón Espinoza 0-0: Ball
1-0: Foul Ball, location: 2F
1-1: Ball
2-1: Foul Ball, location: 2F
2-2: Strikes out swinging passed ball, reaches first!
Fred Wagner to second
Pinch Runner at 2nd Galtero Confalonieri:
Batting: RHB Ricardo Aguilar 0-0: Ball
1-0: SINGLE (Line Drive, 6)
Galtero Confalonieri to third
Ramón Espinoza to second
Pinch Hitting: SHB Doyle Goodwin 0-0: Called Strike
0-1: SINGLE (Groundball, 34D)
Galtero Confalonieri scores
Ramón Espinoza to third
Ricardo Aguilar to second
Runner from 3rd tries for Home, SAFE, no throw
Pitching: LHP Arthur Warren
Batting: RHB Arturo Franco 0-0: Swinging Strike
0-1: Swinging Strike
0-2: Ground out 1-3 (Groundball, 13)
Top of the 11th over - 2 runs, 3 hits, 0 errors, 2 left on base; Coronado 5 - Punta Cana 3
BOTTOM OF THE 11TH
Punta Cana Hutias batting - Pitching for Coronado Eclipse : RHP Juan Ríos
Now at 2B: Galtero Confalonieri
Now in CF: Vincente Ayala
Batting: RHB Alfonso Huerta 0-0: Called Strike
0-1: Ball
1-1: Foul Ball, location: 2F
1-2: Ball
2-2: Ground out 4-3 (Groundball, 4M)
Batting: RHB Mike Martínez 0-0: Ball
1-0: Foul Ball, location: 2F
1-1: Foul Ball, location: 2F
1-2: Strikes out swinging
Batting: LHB Tony Ríos 0-0: Called Strike
0-1: Ground out 4-3 (Groundball, 4)
Bottom of the 11th over - 0 runs, 0 hits, 0 errors, 0 left on base; Coronado 5 - Punta Cana 3
Saturday, December 16th, 2017 - OOTP Baseball 18.8 Build 76